 Dungeon Crawl Stone Soup version 0.27-a0-1196-g3e9cee4cb2 (webtiles) character file.

Game seed: 1611893804487959076

454 Zeld the Chopper (level 7, -2/46 HPs)
             Began as an Octopode Fighter on May 27, 2021.
             Slain by a hound skeleton (4 damage)
             ... on level 4 of the Dungeon.
             The game lasted 00:03:30 (4083 turns).

Zeld the Chopper (Octopode Fighter)                 Turns: 4083, Time: 00:03:30

Health: -2/46      AC:  1    Str: 18    XL:     7   Next: 5%
Magic:  7/7        EV: 11    Int: 10    God:
Gold:   109        SH:  9    Dex: 11    Spells: 6/6 levels left

rFire    . . .     SeeInvis .   a - +0 war axe
rCold    . . .     Faith    .   b - +0 kite shield
rNeg     . . .     Spirit   .   (helmet restricted)
rPois    .         Reflect  .   (no amulet)
rElec    .         Harm     .   j - ring of resist corrosion
rCorr    +         Rampage  .   (no ring)
Will     .....                  (no ring)
Stlth    ++........             (no ring)
HPRegen  0.15/turn              (no ring)
MPRegen  0.10/turn              (no ring)
                                (no ring)
                                (no ring)

@: no status effects
A: almost no armour, amphibious, 8 rings, camouflage 1, gelatinous body 1,
(nimble swimmer 1), tentacles
a: no special abilities


You were on level 4 of the Dungeon.
You visited 1 branch of the dungeon, and saw 4 of its levels.

You collected 109 gold pieces.

Inventory:

Hand Weapons
 a - a +0 war axe (weapon)
Missiles
 o - 7 poisoned darts (quivered)
Armour
 b - a +0 kite shield (worn)
Jewellery
 j - a ring of resist corrosion (left tentacle)
Scrolls
 e - a scroll of noise {unknown}
 g - 2 scrolls of teleportation {unknown}
 i - a scroll of enchant weapon {unknown}
 l - a scroll of identify {unknown}
Potions
 c - 2 potions of might
 d - a potion of cancellation {unknown}
 f - a potion of berserk rage {unknown}
 h - a potion of attraction {unknown}
 m - a potion of heal wounds {unknown}
 n - a potion of mutation {unknown}


   Skills:
 - Level 3.0 Fighting
 * Level 7.4 Axes
 - Level 3.0 Dodging
 - Level 3.0 Shields


You had 6 spell levels left.
You didn't know any spells.
Your spell library contained the following spells:

 Spells                   Type           Power      Damage    Failure   Level
 Sting                    Tmut/Pois      0%         1d3       87%         1
 Poisonous Vapours        Pois/Air       0%         N/A       95%         2
 Ignite Poison            Fire/Tmut/Pois 0%         N/A       99%         3
 Mephitic Cloud           Conj/Pois/Air  0%         N/A       99%         3
 Olgreb's Toxic Radiance  Pois           0%         N/A       100%        4


Dungeon Overview and Level Annotations

Branches:
Dungeon (4/15)
 Temple: D:4-7

Altars:


Innate Abilities, Weirdness & Mutations

You cannot wear most types of armour.
You are amphibious.
You can wear up to eight rings at the same time.
Your skin changes colour to match your surroundings (Stealth+).
Your rubbery body absorbs attacks. (AC +1, EV +1)
((You are camouflaged near water. (Stealth+)))
You have tentacles for arms and can constrict up to eight enemies at once.


Message History

You hit the orc.
You kill the orc!
You constrict the adder.
You kill the adder!
You feel sick. You block the quokka's attack.
You closely miss the quokka. Your grab misses the quokka.
Your squeeze misses the quokka. You hit the goblin.
You kill the goblin!
You feel sick. The quokka bites you.
* * * LOW HITPOINT WARNING * * *
Unknown command.
You hit the quokka. Your grab misses the quokka.
The quokka is moderately wounded.
You hit the kobold.
You kill the kobold!
You feel sick.
You are no longer poisoned.
The quokka bites you.
* * * LOW HITPOINT WARNING * * *
You block the quokka's attack.
You barely miss the quokka. Your grab misses the quokka.
The quokka is moderately wounded.
You block the quokka's attack.
An iguana comes into view.
The hound skeleton bites you.
* * * LOW HITPOINT WARNING * * *
The quokka misses you.
The iguana hisses angrily.
You slash the hound skeleton! Your grab misses the hound skeleton.
The hound skeleton is heavily damaged.
You hit the quokka.
The hound skeleton bites you but does no damage.
You block the quokka's attack.
Unknown command.
You slash the quokka!
You kill the quokka!
You hit the hound skeleton. The hound skeleton bites you.
* * * LOW HITPOINT WARNING * * *
The hound skeleton bites you.
You die...

#.......... ...
#.......... ...
#.......... ....
#.......... .....
#..........
.....#########......####
....................#
......)....†........#
......Z@............#
.......†............#
[...................#
..l.................#
.......##.(..###...##
....... #....# ...#
....... #....# ...#
....... #.$..#


You could see an iguana and a hound skeleton.

Vanquished Creatures
  Grinder (D:3)
  An iguana (D:4)
  4 gnolls (D:2)
  7 adders
  7 dart slugs
  6 orcs
  5 ball pythons
  7 bats
  5 endoplasms
  3 giant cockroaches
  8 goblins
  3 hobgoblins
  19 jackals
  3 quokkas
  2 frilled lizards
  13 kobolds
  8 rats
102 creatures vanquished.

Notes
Turn   | Place    | Note
-------+----------+-------------------------------------------
     0 | D:1      | Zeld the Octopode Fighter began the quest for the Orb.
     0 | D:1      | Reached XP level 1. HP: 16/16 MP: 1/1
   154 | D:1      | Reached XP level 2. HP: 17/21 MP: 2/2
   297 | D:1      | Reached skill level 3 in Axes
   302 | D:1      | HP: 1/21 [dart slug (2)]
   695 | D:1      | Reached XP level 3. HP: 23/26 MP: 3/3
  1485 | D:2      | Reached skill level 4 in Axes
  1498 | D:2      | Reached XP level 4. HP: 21/31 MP: 4/4
  2506 | D:2      | Reached skill level 5 in Axes
  2506 | D:2      | Reached XP level 5. HP: 32/36 MP: 5/5
  3541 | D:3      | Found a faded altar of an unknown god.
  3542 | D:3      | Noticed Grinder
  3551 | D:3      | Killed Grinder
  3552 | D:3      | Reached skill level 6 in Axes
  3552 | D:3      | Reached XP level 6. HP: 42/42 MP: 6/6
  3648 | D:3      | Reached skill level 7 in Axes
  4008 | D:4      | Reached XP level 7. HP: 29/46 MP: 7/7
  4083 | D:4      | HP: 2/46 [hound skeleton (2)]
  4083 | D:4      | Slain by a hound skeleton

Illustrated notes

Levels and vault maps discovered:
D:1:      erik_arrival_orb_chamber, layout_loops_ring
D:2:      layout_rooms
D:3:      layout_basic, shapermc_ecumenical_altar_notcrosses,
          kennysheep_generic_room_10, uniq_grinder
D:4:      layout_basic, minmay_temple_entry_water_ring, serial_shops,
          nicolae_shop_stone, lemuel_another_geyser, uniq_crazy_yiuf_cottage,
          uniq_edmund

Skill      XL: |  1  2  3  4  5  6 |
---------------+-------------------+-----
Axes           | 3 4 5 6 7 |  7.4
Fighting       | |  3.0
Dodging        | |  3.0
Shields        | |  3.0

Action                   |  1- 3 |  4- 6 |  7- 9 || total
-------------------------+-------+-------+-------++-------
Melee: War axe           |    62 |   109 |    10 ||   181
       Constrict         |    19 |    24 |     1 ||    44
       Tentacles         |    10 |    24 |     1 ||    35
  Use: Potion            |       |     1 |       ||     1
 Stab: Sleeping          |     4 |     6 |       ||    10
Armor: Skin              |     9 |    11 |     1 ||    21
Dodge: Dodged            |    38 |    60 |     6 ||   104
Block: Kite shield       |    30 |    44 |     5 ||    79

Table legend: (Time is in decaauts)
 A = Elapsed time spent in this place.
 B = Non-inter-level travel time spent in this place.
 C = Inter-level travel time spent in this place.
 D = Time resting spent in this place.
 E = Time spent auto-exploring this place.
 F = Levels seen in this place.
 G = Mean time per level.
                   A        B        C        D        E       F      G
               +--------+--------+--------+--------+--------+-----+--------+
         Total |   4174 |   4072 |    102 |    759 |   2751 |   4 | 1043.5 |
       Dungeon |   4174 |   4072 |    102 |    759 |   2751 |   4 | 1043.5 |
               +--------+--------+--------+--------+--------+-----+--------+

Top non-repeatable levels by time:
     D:1: 2244 daAuts
     D:2: 1170 daAuts
     D:3: 611 daAuts
     D:4: 147 daAuts
